 Dungeon Crawl Stone Soup version 0.32-a0-411-g744942f433 (webtiles) character file.

Game seed: 1758779823998197233

938 pokeman the Thaumaturge (level 7, -4/40 HPs)
             Began as a Deep Elf Hedge Wizard on Feb 20, 2024.
             Slain by Prince Ribbit (15 damage)
             ... on level 5 of the Dungeon.
             The game lasted 00:08:54 (5293 turns).

pokeman the Thaumaturge (Deep Elf Hedge Wizard)     Turns: 5293, Time: 00:08:55

Health: -4/40      AC:  3    Str:  7    XL:     7   Next: 87%
Magic:  19/21      EV: 13    Int: 21    God:
Gold:   75         SH:  0    Dex: 14    Spells: 9/23 levels left

rFire   . . .        v - +1 hand axe (heavy)
rCold   . . .        (no shield)
rNeg    . . .        b - +0 robe
rPois   .            o - +0 helmet
rElec   .            (no cloak)
rCorr   .            (no gloves)
SInv    +            (no boots)
Will    .....        (no amulet)
Stlth   ++           i - ring of see invisible
HPRegen 0.26/turn    (no ring)
MPRegen 0.17/turn

%: no passive effects
@: no status effects
A: no striking features
a: no special abilities


You were on level 5 of the Dungeon.
You visited 1 branch of the dungeon, and saw 5 of its levels.

You collected 252 gold pieces.
You spent 177 gold pieces at shops.

Inventory:

Hand Weapons
 v - a +1 heavy hand axe (weapon)
Armour
 b - a +0 robe (worn)
 o - a +0 helmet (worn)
Jewellery
 i - a ring of see invisible (left hand)
Wands
 w - a wand of flame (17)
Scrolls
 c - 2 scrolls of immolation {unknown}
 e - a scroll of fear {unknown}
 h - 2 scrolls of vulnerability {unknown}
 j - 5 scrolls of teleportation {unknown}
 k - 2 scrolls of torment {unknown}
 m - 2 scrolls of brand weapon {unknown}
 n - 2 scrolls of poison {unknown}
 r - a scroll of noise {unknown}
 s - a scroll of silence {unknown}
 u - a scroll of enchant weapon {unknown}
 x - 5 scrolls of identify {unknown}
Potions
 a - a potion of ambrosia {unknown}
 d - a potion of magic
 f - a potion of curing {unknown}
 g - 2 potions of mutation {unknown}
 l - 2 potions of brilliance {unknown}
 p - 2 potions of lignification {unknown}
 q - a potion of enlightenment {unknown}
 t - a potion of attraction {unknown}
 z - a potion of heal wounds {unknown}
 A - a potion of degeneration {unknown}


   Skills:
 - Level 2.2 Fighting
 + Level 1.6 Armour
 - Level 3.0 Dodging
 - Level 3.1 Stealth
 * Level 8.7 Spellcasting
 + Level 4.3 Conjurations
 - Level 1.1 Summonings
 - Level 1.1 Translocations
 + Level 2.1 Fire Magic
 - Level 1.0 Air Magic
 - Level 2.0 Alchemy
 - Level 1.2 Evocations


You had 9 spell levels left.
You knew the following spells:

 Your Spells              Type           Power      Damage    Failure   Level
a - Magic Dart            Conj           100%       1d8       1%          1
b - Mephitic Cloud        Conj/Alch/Air  19%        N/A       9%          3
c - Call Imp              Summ           26%        N/A       7%          2
d - Blink                 Tloc           26%        N/A       7%          2
e - Starburst             Conj/Fire      11%        6d5       97%         6

Your spell library contained the following spells:

 Spells                   Type           Power      Damage    Failure   Level
 Momentum Strike          Conj/Tloc      40%        3d9       3%          2
 Lesser Beckoning         Tloc           26%        N/A       7%          2
 Slow                     Hex            36%        N/A       8%          1
 Cigotuvi's Dreadful Rot  Necr/Alch/Air  26%        N/A       8%          2
 Dazzling Flash           Conj/Hex       36%        N/A       9%          3
 Sublimation of Blood     Necr           9%         N/A       11%         2
 Volatile Blastmotes      Fire/Tloc      30%        2d12      12%         3
 Summon Hydra             Summ           6%         N/A       100%        7
 Maxwell's Capacitive Co  Air            6%         ∞         100%        8


Dungeon Overview and Level Annotations

Branches:
Dungeon (5/15)
 Temple: D:4-7

Altars:
Gozag
Kikubaaqudgha
Sif Muna
Trog

Shops:
D:1 ?[!   D:5 *=!

Annotations:
D:5 1 runed translucent door, Prince Ribbit; aheadsounds's ghost, weakling FeDe


Message History

x - 3 scrolls labelled ZIVVUICS AMUSKOV (gained 1)
x - 4 scrolls labelled ZIVVUICS AMUSKOV (gained 1)
j - 5 scrolls labelled XYKLOTEIJAK (gained 1)
x - 5 scrolls labelled ZIVVUICS AMUSKOV (gained 1) Thank you for shopping at Abask's Assorted Antiques!
You open the door.
There is an open door here.
Found a stone staircase leading down.
There is a stone staircase leading down here.
A - a blue potion You now have enough gold to buy 2 potions of curing on this level.
You can access your shopping list by pressing '$'.
You now have 75 gold pieces (gained 16).
Prince Ribbit comes into view.
Casting: Magic Dart (safe; 1% risk of failure)
Confirm with . or Enter, or press ? or * to list all spells.
Aiming: Mephitic Cloud (dangerous; 9% risk of failure)
Press: ? - help, Shift-Dir - straight line, f - Prince Ribbit
Aim: Prince Ribbit (asleep, chance to affect: 72%)
The ball explodes into a vile cloud!
The stinking cloud engulfs Prince Ribbit.
Prince Ribbit gives a loud, deep croak!
You hear a shout!
Prince Ribbit is engulfed in noxious fumes.
Prince Ribbit appears confused.
Prince Ribbit is engulfed in noxious fumes.
Prince Ribbit appears confused.
You hear a shout!
Unknown command.
You closely miss Prince Ribbit. You slash Prince Ribbit!
Prince Ribbit is moderately wounded.
Prince Ribbit hits you!! Prince Ribbit hits you!
* * * LOW HITPOINT WARNING * * *
An orc comes into view. It is wielding a +0 short sword.
The orc shouts!
Unknown command.
You hit Prince Ribbit.
Prince Ribbit is heavily wounded.
Prince Ribbit hits you!
You die...

# #. ## .## #. .# #.#
#####.### ##.#..#
#........ ...#.#
####.###.#.# #.#.#
#......#.#.#
#...###.##.#.#....
#..........#.###.#
#@F####.####.# #.#
#.###........# #..
.o☼☼ #........# ###
#.###°##.......######
# .##..........#..
.##.......##.#.#
.##.......##.>.#
.##.......######
#########


You could see Prince Ribbit (confused) and an orc.

Vanquished Creatures
  A water moccasin (D:5)
  2 black bears
  An ogre (D:5)
  A scorpion (D:4)
  2 bombardier beetles (D:5)
  2 hounds
  2 iguanas (D:5)
  An orc wizard (D:4)
  4 gnolls (D:4)
  4 adders
  2 ribbon worms (D:5)
  3 dart slugs
  9 orcs
  7 ball pythons
  8 endoplasms
  A giant cockroach (D:3)
  6 hobgoblins
  7 jackals
  2 quokkas (D:2)
  5 bats
  2 frilled lizards (D:2)
  4 goblins
  4 kobolds
  6 rats
86 creatures vanquished.

Vanquished Creatures (collateral kills)
  A black bear (D:4)
1 creature vanquished.

Grand Total: 87 creatures vanquished

Notes
Turn   | Place    | Note
-------+----------+-------------------------------------------
     0 | D:1      | pokeman the Deep Elf Hedge Wizard began the quest for the
                  | Orb.
     0 | D:1      | Reached XP level 1. HP: 10/10 MP: 7/7
   125 | D:1      | Found a faded altar of an unknown god.
   134 | D:1      | Reached XP level 2. HP: 16/16 MP: 4/9
   303 | D:1      | Found Sipeokh's Antique Armour Shoppe.
   512 | D:1      | Found Neciun's Magic Scroll Shop.
   539 | D:1      | Reached skill level 5 in Spellcasting
   682 | D:1      | Found Inel's Distillery.
   936 | D:1      | Reached XP level 3. HP: 20/20 MP: 5/11
   940 | D:1      | Learned a level 3 spell: Mephitic Cloud
   943 | D:1      | Learned a level 2 spell: Call Imp
   946 | D:1      | Learned a level 2 spell: Blink
  1177 | D:2      | Reached skill level 1 in Fighting
  1177 | D:2      | Reached skill level 1 in Armour
  1574 | D:2      | Reached XP level 4. HP: 25/25 MP: 5/13
  2346 | D:3      | Found a shimmering blue altar of Sif Muna.
  3040 | D:3      | Reached skill level 6 in Spellcasting
  3040 | D:3      | Reached XP level 5. HP: 29/29 MP: 6/15
  3401 | D:4      | Reached skill level 1 in Air Magic
  3412 | D:4      | Noticed a black bear
  3604 | D:4      | Noticed a black bear
  3617 | D:4      | Killed a black bear
  3618 | D:4      | Reached skill level 1 in Alchemy
  3618 | D:4      | Reached XP level 6. HP: 30/34 MP: 9/17
  3623 | D:4      | Reached skill level 7 in Spellcasting
  3697 | D:4      | Found a bloodstained altar of Trog.
  4173 | D:4      | Learned a level 6 spell: Starburst
  4289 | D:4      | Reached XP level 7. HP: 38/39 MP: 14/20
  4562 | D:4      | Found an opulent altar of Gozag.
  4711 | D:5      | Entered Level 5 of the Dungeon
  4750 | D:5      | Reached skill level 8 in Spellcasting
  4750 | D:5      | Reached skill level 1 in Fire Magic
  4750 | D:5      | Reached skill level 1 in Evocations
  5023 | D:5      | Found Wouteg's Jewellery Emporium.
  5023 | D:5      | Found Rozo's Distillery.
  5040 | D:5      | Found a runed translucent door.
  5042 | D:5      | Noticed aheadsounds's ghost (weakling FeDe)
  5220 | D:5      | Found an ancient bone altar of Kikubaaqudgha.
  5237 | D:5      | Found Abask's Assorted Antiques.
  5243 | D:5      | Bought a murky red potion for 27 gold pieces
  5243 | D:5      | Bought a scroll labelled EWNAKHL VEWIT for 30 gold pieces
  5243 | D:5      | Bought a scroll labelled ZIVVUICS AMUSKOV for 30 gold
                  | pieces
  5243 | D:5      | Bought a scroll labelled ZIVVUICS AMUSKOV for 30 gold
                  | pieces
  5243 | D:5      | Bought a scroll labelled XYKLOTEIJAK for 30 gold pieces
  5243 | D:5      | Bought a scroll labelled ZIVVUICS AMUSKOV for 30 gold
                  | pieces
  5289 | D:5      | Noticed Prince Ribbit
  5293 | D:5      | Slain by Prince Ribbit

Illustrated notes

Levels and vault maps discovered:
D:1:      ncdulo_halloftheorcs, layout_loops_ring,
          shapermc_ecumenical_altar_starsandcircs, serial_shops,
          nicolae_shop_window_shopping, nicolae_shop_gibbet_a_chance,
          nicolae_shop_just_a_little_nook
D:2:      layout_basic
D:3:      layout_loops_corners, nicolae_sif_muna_condensation,
          grunt_ministairs_13
D:4:      layout_loops_ring, nicolae_gozag_seed_capital, trog_ov_bears_minmay,
          minmay_tree_intersection
D:5:      layout_loops_cross, kennysheep_mini, serial_shops,
          nicolae_square_shop, shop, kennysheep_little_box,
          nicolae_diamond_shop, gammafunk_ghost_grave, uniq_prince_ribbit1

Skill      XL: |  1  2  3  4  5  6  7 |
---------------+----------------------+-----
Spellcasting   | 5 6 7 8 |  8.7
Fighting       | 1 2 |  2.2
Armour         | 1 |  1.6
Conjurations   | 2 3 4 |  4.3
Dodging        | 3 |  3.0
Stealth        | 3 |  3.1
Air Magic      | 1 |  1.0
Alchemy        | 1 2 |  2.0
Fire Magic     | 2 |  2.1
Evocations     | 1 |  1.2
Summonings     | |  1.1
Translocations | |  1.1

Action                     |  1- 3 |  4- 6 |  7- 9 || total
---------------------------+-------+-------+-------++-------
  Melee: Dagger            |       |    38 |       ||    38
         Hand axe          |       |     5 |    38 ||    43
   Cast: Magic Dart        |    77 |   114 |    39 ||   230
         Mephitic Cloud    |       |     4 |     8 ||    12
         Call Imp          |       |     2 |     1 ||     3
   Stab: Confused          |       |     6 |     4 ||    10
 Armour: Robe              |     9 |    26 |    12 ||    47
  Dodge: Dodged            |    20 |    43 |    27 ||    90

Table legend: (Time is in decaauts)
 A = Elapsed time spent in this place.
 B = Non-inter-level travel time spent in this place.
 C = Inter-level travel time spent in this place.
 D = Time resting spent in this place.
 E = Time spent auto-exploring this place.
 F = Levels seen in this place.
 G = Mean time per level.
                   A        B        C        D        E       F      G
               +--------+--------+--------+--------+--------+-----+--------+
         Total |   5332 |   5233 |     99 |    212 |   4387 |   5 | 1066.4 |
       Dungeon |   5332 |   5233 |     99 |    212 |   4387 |   5 | 1066.4 |
               +--------+--------+--------+--------+--------+-----+--------+

Top non-repeatable levels by time:
     D:4: 1251 daAuts
     D:3: 1202 daAuts
     D:2: 1167 daAuts
     D:1: 1142 daAuts
     D:5: 568 daAuts
